[Event "Rapid del Mercoledì"]
[Site "Chess.com"]
[Date "2020.05.06"]
[Round "1"]
[White "SanSecondoPR"]
[Black "laremaro"]
[Result "0-1"]
[WhiteElo "1290"]
[BlackElo "1593"]
[TimeControl "720+3"]
[EndTime "12:15:17 PDT"]
[Termination "laremaro ha vinto per abbandono"]

1. e4 d5 2. Nf3 dxe4 3. Ng5 Nf6 4.
d3 e3 5. fxe3 Bg4 6. Be2 Bxe2 7.
Qxe2 e6 8. O-O h6 9. Nf3 Bc5 10. d4 Be7 11. Nc3 O-O 12. e4 Nc6 13. e5 Nd5 14.
Ne4 b6 15. c3 Na5 16. b4 Nb7 17. Ng3 c5 18. dxc5 bxc5 19. Rd1 Qc7 20. Bb2 cxb4 21. Rac1 Qb6+ 22. Nd4 bxc3 23. Ba1 Bc5 24. Qg4 Ne3 25.
Qh5 Nxd1 26. Rxd1 Bxd4+ 27. Kh1 Rad8 28. Rf1 Qb5 29. Qg4 Bxe5 30. Qh5 a6 31. Bxc3 Bxc3 0-1

[Event "Rapid del Mercoledì"]
[Site "Chess.com"]
[Date "2020.05.06"]
[Round "1"]
[White "fausto2p"]
[Black "MarcoCiva"]
[Result "0-1"]
[WhiteElo "992"]
[BlackElo "1448"]
[TimeControl "720+3"]
[EndTime "12:17:23 PDT"]
[Termination "MarcoCiva ha vinto per tempo"]

1. d4 f5 2. g3 g6 3. Bg2 Bg7 4. c3 d5 5. Nf3 Nc6 6. Bf4 Nf6 7. Nbd2 O-O 8. O-O Nh5 9. Be3 f4 10. gxf4 Nxf4 11. Bxf4 Rxf4 12. e3 Rf8 13. c4 Bg4 14. cxd5 Qxd5 15. a3 Kh8 16. h3 Bh5 17. Rc1 Rad8 18.
Rc5 Qf7 19. b4 e5 20. b5 e4 21. bxc6 exf3 22. Rxh5 fxg2 0-1

[Event "Rapid del Mercoledì"]
[Site "Chess.com"]
[Date "2020.05.06"]
[Round "1"]
[White "GB86_CHESS"]
[Black "Mrtre7"]
[Result "1-0"]
[WhiteElo "1802"]
[BlackElo "1395"]
[TimeControl "720+3"]
[EndTime "12:18:25 PDT"]
[Termination "GB86_CHESS ha vinto per abbandono"]

1. e4 c5 2. f4 g6 3. Nf3 Bg7 4. Bc4 e6 5. O-O Ne7 6. d3 d5 7. exd5 exd5 8. Bb5+ Bd7 9. Bxd7+ Qxd7 10. Qe2 Nc6 11.
c3 O-O 12. Be3 d4 13. Bd2 Rfe8 14. Qf2 Rac8 15. Na3 a6 16. c4 Nf5 17. Rae1 Nce7 18.
g4 Ne3 19. Bxe3 Qxg4+ 20. Kh1 dxe3 21. Rxe3 Nf5 22. Rxe8+ Rxe8 23. Nc2 Qxf4 24. Qxc5 Re2 25. Rf2 Qc1+ 26. Nce1 Bd4 27. Qc8+ Kg7 28. Rxe2 Bxb2 29. Qxb7 Nd4 30. Nxd4 Bxd4 31. Qe4 Bf6 32. h4 Qh6 33. Ng2 Qc1+ 34. Re1 Qa3 35. Re2 Qd6 36. d4 Bxd4 37. Rd2 Qb4 38. Qxd4+ 1-0

[Event "Rapid del Mercoledì"]
[Site "Chess.com"]
[Date "2020.05.06"]
[Round "1"]
[White "sergiodone"]
[Black "OMatteoWuO"]
[Result "1-0"]
[WhiteElo "1540"]
[BlackElo "1197"]
[TimeControl "720+3"]
[EndTime "12:20:26 PDT"]
[Termination "sergiodone ha vinto per scaccomatto"]

1. e4 c5 2. Nf3 Nc6 3. d4 cxd4 4. Nxd4 Nf6 5. Nc3 d6 6. a3 e6 7. Be2 Be7 8. h3 O-O 9. O-O a6 10. Kh1 Qc7 11. Be3 b5 12. Bf3 Bb7 13. Rc1 Rac8 14. Qd2 Ne5 15. Be2 Nxe4 16. Nxe4 Bxe4 17. c4 Nxc4 18.
Bxc4 bxc4 19. Qc3 Bd3 20. Rfe1 d5 21. b4 Bf6 22. Qd2 Bxd4 23. Bxd4 h6 24. Qe3 Bg6 25.
Rc3 Qe7 26. Bc5 Qd7 27. Bxf8 Kxf8 28. Qd4 f6 29. f4 Be4 30. Kh2 Qd6 31. g3 e5 32.
fxe5 fxe5 33. Qd2 Kg8 34. Rxe4 d4 35. Rg4 Qe6 36. Rc1 c3 37. Qd3 Qa2+ 38. Rc2 Qxa3 39. Qg6 Rc7 40. Rf2 Re7 41. Qd6 Re8 42. Rxg7+ Kxg7 43.
Qd7+ Kg6 44. Qxe8+ Kg5 45. Qe7+ Kg6 46. Qf7+ Kg5 47.
Rf5# 1-0

[Event "Rapid del Mercoledì"]
[Site "Chess.com"]
[Date "2020.05.06"]
[Round "1"]
[White "sirmale49"]
[Black "pedrak"]
[Result "0-1"]
[WhiteElo "1394"]
[BlackElo "1673"]
[TimeControl "720+3"]
[EndTime "12:20:31 PDT"]
[Termination "pedrak ha vinto per abbandono"]

1. e4 d5 2. e5 c5 3. f4 a6 4. Nf3 Bg4 5. Be2 e6 6. h3 Bxf3 7. Bxf3 Nc6 8. c3 Qh4+ 9. Ke2 Nh6 10. d3 Nf5 11. Rg1 h5 12. Be3 Qd8 13. Nd2 Be7 14.
Nb3 Nxe3 15. Kxe3 g6 16. g3 Qb6 17. Ke2 O-O-O 18. Nd2 Qxb2 19. Qb3 Qxb3 20. Nxb3 c4 21.
Nd4 Nxd4+ 22. cxd4 b5 23. Rgb1 b4 24. dxc4 dxc4 25.
Rc1 c3 26. Kd3 Kd7 27. Bd1 Kc6 28. Ba4+ Kb6 29. Rab1 a5 30. a3 Bc5 31. axb4 Rxd4+ 32. Kxc3 axb4+ 33. Kb3 Rd3+ 34. Kc4 Rxg3 35. Rb3 Rxb3 36.
Kxb3 Rd8 37. Kb2 Rd3 38. Be8 Rxh3 39. Bxf7 Rf3 40. Bxg6 h4 41. Bf7 Rxf4 42. Bxe6 Bd4+ 43. Kb3 Bxe5 44. Rc4 Rxc4 45. Kxc4 Bc3 46. Kb3 Kc5 47. Bh3 Kd4 48. Bc8 Ke3 49. Bh3 Kf2 50. Bc8 Kg3 51. Bd7 h3 52. Bxh3 Kxh3 53. Kc4 Kg3 54. Kb3 Kf3 55. Kc2 Ke2 56. Kb3 Kd2 0-1

[Event "Rapid del Mercoledì"]
[Site "Chess.com"]
[Date "2020.05.06"]
[Round "1"]
[White "BAKR1980"]
[Black "Luca090267"]
[Result "0-1"]
[WhiteElo "1629"]
[BlackElo "1429"]
[TimeControl "720+3"]
[EndTime "12:23:50 PDT"]
[Termination "Luca090267 ha vinto per abbandono"]

1. e4 e5 2. Nf3 Nc6 3. Bc4 Nf6 4. Ng5 d5 5. exd5 Na5 6. Bb5+ c6 7. dxc6 bxc6 8. Qf3 Bd7 9. Ba4 h6 10. Ne4 Nd5 11.
d4 exd4 12. O-O Be7 13. Re1 O-O 14. Qg3 Kh8 15. c3 f5 16. Ned2 dxc3 17. Nxc3 Nxc3 18. Qxc3 Bf6 19. Qf3 Qb6 20. Rb1 Rad8 21. b3 c5 22. Bxd7 Rxd7 23. Qxf5 Rdf7 24. Ne4 Bd4 25. Qh5 Rxf2 26.
Be3 R2f5 27. Qe2 c4 28. Bxd4 Qxd4+ 29. Qe3 Rf1+ 30. Rxf1 Qxe3+ 31. Nf2 cxb3 32. axb3 Nxb3 33. g3 Nd2 34. Rbe1 Qf3 35. Rd1 Nxf1 36. Rxf1 h5 37. h3 a5 38. Kh2 Qxf2+ 39. Rxf2 Rxf2+ 40. Kg1 Rd2 41. g4 hxg4 42. hxg4 a4 0-1

[Event "Rapid del Mercoledì"]
[Site "Chess.com"]
[Date "2020.05.06"]
[Round "2"]
[White "pedrak"]
[Black "MarcoCiva"]
[Result "1-0"]
[WhiteElo "1679"]
[BlackElo "1439"]
[TimeControl "720+3"]
[EndTime "12:31:10 PDT"]
[Termination "pedrak ha vinto per abbandono"]

1. d4 Nf6 2. Nf3 e6 3. Bf4 d5 4. e3 c5 5. c3 Nc6 6. Bd3 cxd4 7.
exd4 Bd6 8. Bg5 O-O 9. O-O e5 10.
dxe5 Nxe5 11. Nxe5 Bxe5 12. f4 Bc7 13. Nd2 Be6 14. Nb3 a6 15. Nd4 Bb6 16. Bc2 Qd7 17.
Bxf6 gxf6 18. f5 Bxf5 19. Bxf5 1-0

[Event "Rapid del Mercoledì"]
[Site "Chess.com"]
[Date "2020.05.06"]
[Round "2"]
[White "Mrtre7"]
[Black "OMatteoWuO"]
[Result "1-0"]
[WhiteElo "1410"]
[BlackElo "1189"]
[TimeControl "720+3"]
[EndTime "12:31:48 PDT"]
[Termination "Mrtre7 ha vinto per abbandono"]

1. d4 Nf6 2. c4 g6 3. Nc3 Bg7 4. e4 d6 5. Be2 Nbd7 6. Nf3 O-O 7. O-O e5 8. Be3 a5 9. c5 Ng4 10. Bg5 f6 11. Bd2 f5 12. Bg5 Ngf6 13. cxd6 cxd6 14. dxe5 dxe5 15. Qb3+ Kh8 16. Rad1 h6 17. Bxf6 Nxf6 1-0

[Event "Rapid del Mercoledì"]
[Site "Chess.com"]
[Date "2020.05.06"]
[Round "2"]
[White "sergiodone"]
[Black "GB86_CHESS"]
[Result "0-1"]
[WhiteElo "1537"]
[BlackElo "1821"]
[TimeControl "720+3"]
[EndTime "12:43:53 PDT"]
[Termination "GB86_CHESS ha vinto per abbandono"]

1. e4 c5 2. Nf3 d6 3. d4 cxd4 4. Nxd4 Nf6 5. Nc3 a6 6. a3 e5 7.
Nf3 Nc6 8. h3 Be7 9. Bc4 O-O 10.
O-O b5 11. Bb3 Bb7 12. Bg5 Qc7 13. Bxf6 Bxf6 14. Nd5 Qd8 15. c3 Na5 16. Nxf6+ Qxf6 17. Bd5 Rad8 18. b4 Bxd5 19. Qxd5 Nc4 20. a4 Qe6 21. axb5 Qxd5 22. exd5 axb5 23. Ra6 f5 24. Ng5 Rf6 25.
Ne6 Rd7 26. Ra8+ Kf7 27. g4 fxg4 28. hxg4 Nd2 29. Rd1 Ne4 30. Rf8+ Kg6 31. Rxf6+ Kxf6 32. Rd3 Ng5 33. f4 Nxe6 34. fxe5+ Kxe5 35. dxe6 Kxe6 36. Rd4 Ke5 37. Kg2 Rc7 38. Rd3 d5 39. Kg3 Ke4 40.
Rd4+ Ke5 41. Rd3 Rc4 42. g5 h5 43. gxh6 gxh6 44. Rf3 h5 45. Re3+ Re4 46. Rf3 d4 47.
cxd4+ Kxd4 48. Rf5 h4+ 49. Kh3 Kc4 50. Kg2 Kxb4 51.
Kf3 Rc4 52. Ke3 Ka4 53. Kd3 Rg4 54. Rh5 b4 55. Kc2 b3+ 56. Kb2 Rg2+ 57. Kb1 Rh2 58. Rh8 b2 59. Rb8 h3 60. Ra8+ Kb3 61. Ra3+ Kc4 62. Rc3+ Kxc3 0-1

[Event "Rapid del Mercoledì"]
[Site "Chess.com"]
[Date "2020.05.06"]
[Round "2"]
[White "fausto2p"]
[Black "sirmale49"]
[Result "1-0"]
[WhiteElo "1034"]
[BlackElo "1379"]
[TimeControl "720+3"]
[EndTime "12:48:31 PDT"]
[Termination "fausto2p ha vinto per abbandono"]

1. d4 Nf6 2. c4 g6 3. Nc3 Bg7 4. e4 d6 5. f3 O-O 6. Be3 e5 7. d5 c6 8. g4 Ne8 9. h4 Nd7 10. Qd2 Ndf6 11. Nge2 h5 12. gxh5 Nxh5 13. O-O-O f5 14.
Bg5 Bf6 15. Bxf6 Qxf6 16. exf5 Bxf5 17. Ne4 Bxe4 18. fxe4 b5 19. cxb5 cxb5 20. Bh3 Nf4 21. Nxf4 Rb8 22. Be6+ Kg7 23. Nh5+ gxh5 24. Rdg1+ Kh8 25. Bf5 Ng7 26. Rg6 Qe7 27. Qh6+ Kg8 28.
Be6+ Rf7 29. Bxf7+ Qxf7 30. Rhg1 Qf4+ 31. Qxf4 exf4 32.
Rxg7+ Kh8 33. Rf7 Rc8+ 34. Kb1 Rc4 35. Rxf4 Rd4 36. Rg6 Rd1+ 37. Kc2 Rh1 38. Rh6+ Kg7 39. Rxh5 Rh2+ 40. Kb3 a5 41. Rhf5 Rh3+ 42. Rf3 Rxh4 43. Rf7+ Kg8 44. Re7 Rg4 45. Re6 Rh4 46. Kc3 Rh1 47.
a3 Rc1+ 48. Kd2 Rc4 49. Rc3 Rd4+ 50. Rd3 Rc4 51. b3 Rc7 52. Rxd6 b4 53. axb4 axb4 54.
Rb6 Rg7 55. Re3 Rg2+ 56. Kd3 Rg1 57. Rxb4 Rd1+ 58. Kc2 Rh1 59. Re2 Kf7 60. Rb6 Ra1 61. e5 Ra5 62. Rd2 Rc5+ 63. Kb2 Rc8 64. Rb7+ Kf8 65. e6 Ke8 66. d6 Rc6 67. Rb8+ 1-0

[Event "Rapid del Mercoledì"]
[Site "Chess.com"]
[Date "2020.05.06"]
[Round "2"]
[White "laremaro"]
[Black "Luca090267"]
[Result "1-0"]
[WhiteElo "1606"]
[BlackElo "1410"]
[TimeControl "720+3"]
[EndTime "12:51:16 PDT"]
[Termination "laremaro ha vinto per abbandono"]

1. e4 e5 2. Nf3 Nc6 3. Bb5 a6 4. Ba4 Nf6 5. d3 d6 6. O-O Be7 7. c3 O-O 8. Nbd2 b5 9. Bc2 Na5 10. Re1 c5 11. Nf1 Bb7 12. Ng3 Nd7 13. Nf5 f6 14. d4 exd4 15. cxd4 Nc4 16. b3 Ncb6 17. Bf4 Nb8 18. Qd3 g6 19. Nh6+ Kg7 20. Ng4 Kg8 21. Rad1 c4 22. Qe2 Nc6 23. Ne3 Re8 24. bxc4 Nxc4 25.
Nxc4 bxc4 26. Qxc4+ Kg7 27. e5 fxe5 28. dxe5 Na5 29. Qd4 d5 30. e6+ Kg8 31. h4 Bxh4 32.
Ba4 Nc6 33. Qxd5 Qxd5 34. Rxd5 Be7 35. Rd7 Na5 36. Rc7 Rf8 37. Bd2 Bd6 38. Rd7 Nc4 39. Rxb7 Nxd2 40. Nxd2 Bc5 41. Ne4 Bd4 42. Bb3 Kh8 43. e7 Rfe8 44. Nd6 Reb8 45. Rxb8+ Rxb8 46. e8=Q+ 1-0

[Event "Rapid del Mercoledì"]
[Site "Chess.com"]
[Date "2020.05.06"]
[Round "2"]
[White "SanSecondoPR"]
[Black "BAKR1980"]
[Result "0-1"]
[WhiteElo "1285"]
[BlackElo "1634"]
[TimeControl "720+3"]
[EndTime "12:51:41 PDT"]
[Termination "BAKR1980 ha vinto per abbandono"]

1. e4 e5 2. d4 exd4 3. c3 dxc3 4. Bc4 cxb2 5. Bxb2 Bb4+ 6. Nd2 Bxd2+ 7. Qxd2 Nf6 8. e5 Qe7 9. Nf3 O-O 10. O-O Ng4 11. h3 Nh6 12. a4 d6 13. Qc3 dxe5 14. Nxe5 Qf6 15.
Qc2 Bf5 16. Qb3 Qg5 17. Nf3 Qh5 18. Qc3 Qg6 19. Nh4 Qf6 20. Qxf6 gxf6 21. Bxf6 Nc6 22. Bg5 Na5 23. Ba2 Bd3 24. Rfe1 Kg7 25. Re3 Bg6 26.
Rf3 Ng8 27. Bd2 b6 28. Rg3 Rad8 29. Bc3+ f6 30. Re1 Nc6 31. Nf3 Nge7 32. h4 Nf5 33. Rg4 h5 34. Rc4 Rd6 35. Bb2 Bf7 36. Rxc6 Rxc6 37. Bb1 Bg6 38. Ba3 Rd8 39. Be4 Rc4 40.
Bb1 Nxh4 41. Re7+ Bf7 42. Ba2 Nxf3+ 43. gxf3 Rd1+ 44. Kg2 Rdd4 45. Bb2 Kf8 46. Bxd4 Kxe7 47. Bxc4 Bxc4 48. Kg3 c5 49. Bc3 a5 50. Kh4 Bf7 51. f4 Ke6 52. Kg3 Kf5 53. Kf3 Bd5+ 54. Ke3 Bb3 55. f3 Bxa4 56. Kf2 Bc6 57. Kg3 a4 58.
Bb2 b5 59. Kf2 b4 60. Ke3 a3 61. Ba1 b3 62. Kd2 b2 0-1

[Event "Rapid del Mercoledì"]
[Site "Chess.com"]
[Date "2020.05.06"]
[Round "3"]
[White "Luca090267"]
[Black "sergiodone"]
[Result "0-1"]
[WhiteElo "1390"]
[BlackElo "1542"]
[TimeControl "720+3"]
[EndTime "13:02:18 PDT"]
[Termination "sergiodone ha vinto per abbandono"]

1. e4 c5 2. Nc3 d6 3. g3 e6 4. Bg2 Be7 5. d3 Nc6 6. f4 h5 7. Nf3 h4 8. g4 h3 9. Bf1 Nf6 10. g5 Ng8 11. b3 Nd4 12. Nxd4 cxd4 13. Ne2 Qb6 14. Bb2 e5 15. Rg1 g6 16. Qd2 Bd7 17. O-O-O a5 18. a4 Rc8 19. Kb1 Be6 20. Nc1 Rh4 21. Ne2 Bd7 22. Ka2 Bd8 23. Rg3 Qc5 24. Rc1 b5 25. axb5 Qxb5 26. Rxh3 Bxh3 0-1

[Event "Rapid del Mercoledì"]
[Site "Chess.com"]
[Date "2020.05.06"]
[Round "3"]
[White "GB86_CHESS"]
[Black "laremaro"]
[Result "1-0"]
[WhiteElo "1843"]
[BlackElo "1596"]
[TimeControl "720+3"]
[EndTime "13:08:12 PDT"]
[Termination "GB86_CHESS ha vinto per abbandono"]

1. e4 d5 2. exd5 Qxd5 3. Nc3 Qd6 4. Bc4 Nf6 5. Nf3 Bg4 6. h3 Bh5 7. d4 c6 8. g4 Bg6 9. Ne5 e6 10. Bf4 Qb4 11. Bb3 Nd5 12. a3 Nxc3 13. axb4 Nxd1 14. Rxd1 Na6 15. c3 Rd8 16. h4 Bd6 17. f3 Bxe5 18.
Bxe5 f6 19. Bf4 Bf7 20. Ke2 O-O 21. h5 Rfe8 22. g5 e5 23. Bxf7+ Kxf7 24. dxe5 Rxd1 25. Rxd1 fxe5 26. Be3 b6 27. Rd6 Re6 28. Rd7+ Re7 29. g6+ hxg6 30. hxg6+ Ke6 31. Rd8 Kf6 32. Rd6+ Re6 33.
Rd7 Kxg6 34. Rxa7 Nb8 35. Rb7 Re8 36. Bxb6 Rh8 37. b3 Kf6 38. Ke3 g6 39. Ba7 Na6 40.
Rb6 Nc7 41. Rxc6+ Ne6 42. b5 Kf5 43. b6 Nf4 44. b7 Nd5+ 45. Kd3 1-0

[Event "Rapid del Mercoledì"]
[Site "Chess.com"]
[Date "2020.05.06"]
[Round "3"]
[White "MarcoCiva"]
[Black "Mrtre7"]
[Result "0-1"]
[WhiteElo "1418"]
[BlackElo "1440"]
[TimeControl "720+3"]
[EndTime "13:09:27 PDT"]
[Termination "Mrtre7 ha vinto per abbandono"]

1. d4 d5 2. c4 c6 3. Nf3 e6 4. g3 dxc4 5. Bf4 Nf6 6. Nc3 Bd6 7. Bxd6 Qxd6 8. e3 b5 9. Bg2 Bb7 10. Ne5 Nd5 11. Bxd5 cxd5 12. O-O a6 13. Qh5 O-O 14. Rfc1 Nd7 15. Nxd7 Qxd7 16. a3 Qe7 17. Ne2 Rae8 18. Nf4 Qf6 19. Qf3 e5 20. dxe5 Rxe5 21. Qd1 Rd8 22. Qd4 Rde8 23. Rd1 Qf5 24. Qb6 Ba8 25.
Qxa6 Qe4 26. Qxb5 d4 27. Nd5 Bxd5 28. Qxc4 0-1

[Event "Rapid del Mercoledì"]
[Site "Chess.com"]
[Date "2020.05.06"]
[Round "3"]
[White "BAKR1980"]
[Black "pedrak"]
[Result "0-1"]
[WhiteElo "1617"]
[BlackElo "1691"]
[TimeControl "720+3"]
[EndTime "13:10:24 PDT"]
[Termination "pedrak ha vinto per abbandono"]

1. e4 d5 2. exd5 Qxd5 3. Nc3 Qd6 4. Nf3 Nf6 5. d4 Bg4 6. Be2 c6 7. O-O e6 8. Bg5 Be7 9. Bxf6 Bxf6 10. Ne4 Qd8 11. c3 O-O 12. Qb3 b6 13. a4 Bf5 14.
Ng3 Bg6 15. a5 Nd7 16. axb6 axb6 17. Ra3 Rxa3 18. Qxa3 Be7 19. Qa7 Bd6 20. Nh4 Nf6 21.
Nxg6 hxg6 22. Ra1 c5 23. dxc5 bxc5 24. Rd1 Qb8 25. Qa3 Nd5 26. Ne4 Nf4 27. Bf3 Be7 28. Rd7 Re8 29. Nxc5 Qc8 30. Rxe7 Rxe7 31. g3 Nd5 32. c4 Nf6 33. b4 Rc7 34. Be2 Nd7 35.
Nxd7 Qxd7 36. b5 Ra7 37. Qc1 Qd4 38. Kg2 Ra2 39. Qf1 Ra1 40. Qxa1 Qxa1 41. c5 Qb2 42. Bf1 Qb4 43. c6 Qc5 44. h4 Kf8 0-1

[Event "Rapid del Mercoledì"]
[Site "Chess.com"]
[Date "2020.05.06"]
[Round "3"]
[White "OMatteoWuO"]
[Black "fausto2p"]
[Result "0-1"]
[WhiteElo "1167"]
[BlackElo "1064"]
[TimeControl "720+3"]
[EndTime "13:10:51 PDT"]
[Termination "fausto2p ha vinto per scaccomatto"]

1. d4 d5 2. c4 c6 3. Nc3 Nf6 4. Nf3 e6 5. e3 Bb4 6. Bd2 Qa5 7. a3 Be7 8. Be2 dxc4 9. Bxc4 Qc7 10. O-O b5 11.
Bd3 a5 12. e4 Ba6 13. Bg5 h6 14. Bxf6 Bxf6 15. e5 Bg5 16. Nxg5 hxg5 17. Qg4 f6 18. Bg6+ Ke7 19. exf6+ gxf6 20. h3 b4 21. axb4 Bxf1 22.
Kxf1 Rh4 23. Qe2 e5 24. dxe5 Qxe5 25. Qxe5+ fxe5 26. Re1 Ke6 27. bxa5 Rxa5 28. Ne4 Nd7 29. Nxg5+ Kf6 30. Nf3 Rb4 31. Be4 c5 32. Rd1 Rxe4 33. Rxd7 Ra1+ 34. Ne1 Raxe1# 0-1

[Event "Rapid del Mercoledì"]
[Site "Chess.com"]
[Date "2020.05.06"]
[Round "3"]
[White "sirmale49"]
[Black "SanSecondoPR"]
[Result "1-0"]
[WhiteElo "1385"]
[BlackElo "1273"]
[TimeControl "720+3"]
[EndTime "13:10:59 PDT"]
[Termination "sirmale49 ha vinto per abbandono"]

1. e4 e5 2. f4 d5 3. Nc3 d4 4.
Nce2 exf4 5. Nxf4 Nc6 6. d3 Bd6 7. Qf3 Ne5 8. Qg3 Ng6 9. Nf3 Nf6 10. e5 Nh5 11. Nxh5 Bxe5 12. Nxe5 O-O 13. Nxg6 fxg6 14. Nf4 Qe7+ 15. Ne2 Qc5 16. Kd1 Bf5 17. Bd2 Qb6 18. Rb1 Qa6 19. a3 c5 20. Nf4 Qa4 21.
Qf3 Qd7 22. Be2 Qf7 23. g3 Qa2 24. Rc1 Qxb2 25. Qd5+ Kh8 26. g4 Rad8 27. Qxc5 Bc8 28. h4 b6 29. Qb4 Qa2 30. h5 g5 31. Ng6+ hxg6 32. hxg6+ Kg8 33. Qb3+ Qxb3 34. cxb3 Rf6 35. Bxg5 Bb7 36. Re1 1-0

[Event "Rapid del Mercoledì"]
[Site "Chess.com"]
[Date "2020.05.06"]
[Round "4"]
[White "SanSecondoPR"]
[Black "OMatteoWuO"]
[Result "0-1"]
[WhiteElo "1252"]
[BlackElo "1186"]
[TimeControl "720+3"]
[EndTime "13:20:24 PDT"]
[Termination "OMatteoWuO ha vinto per ritiro dell'avversario"]

1. e4 c5 2. d4 cxd4 3. Bc4 Nc6 4.
Nf3 Nf6 5. e5 Nxe5 6. Nxe5 Qa5+ 7.
Bd2 Qxe5+ 8. Be2 d6 9. O-O e6 10. c3 dxc3 11. Bxc3 Qc5 12. Nd2 Be7 13. Nb3 Qc7 14.
Rc1 Qd8 15. Qc2 O-O 16. Bd3 g6 17. f4 Nd5 18. Bd2 Bf6 19. f5 exf5 20. Bh6 Re8 21. Bc4 Be6 22. Bb5 0-1

[Event "Rapid del Mercoledì"]
[Site "Chess.com"]
[Date "2020.05.06"]
[Round "4"]
[White "sirmale49"]
[Black "BAKR1980"]
[Result "0-1"]
[WhiteElo "1382"]
[BlackElo "1625"]
[TimeControl "720+3"]
[EndTime "13:21:13 PDT"]
[Termination "BAKR1980 ha vinto per abbandono"]

1. e4 e5 2. f4 exf4 3. Nf3 Be7 4. d4 Bh4+ 5. Ke2 d5 6. e5 Bg4 7. Bxf4 Ne7 8. h3 Bh5 9. g3 Ng6 10. Be3 Bxg3 11. Bg2 Nc6 12. c3 Qe7 13. Kd3 O-O-O 14.
Qf1 f6 15. h4 fxe5 16. Kd2 exd4 17. Bh3+ Kb8 18. Bxd4 Nxd4 19. Nxd4 Bxh4 20. Nf5 Bg5+ 21. Kc2 Qe4+ 22. Kb3 Be2 23. Qg1 Qc4+ 24. Ka3 Ne7 25. Nxe7 Bxe7+ 26. b4 a5 27. Qe3 axb4+ 28. Kb2 bxc3+ 29.
Kc2 d4 30. Qxe7 d3+ 31. Kc1 d2+ 32. Kc2 d1=Q+ 33. Rxd1 Bxd1+ 34. Kc1 Qf4+ 0-1

[Event "Rapid del Mercoledì"]
[Site "Chess.com"]
[Date "2020.05.06"]
[Round "4"]
[White "Luca090267"]
[Black "MarcoCiva"]
[Result "1-0"]
[WhiteElo "1420"]
[BlackElo "1398"]
[TimeControl "720+3"]
[EndTime "13:25:41 PDT"]
[Termination "Luca090267 ha vinto per abbandono"]

1. e4 e5 2. Nf3 Nf6 3. Nc3 Nc6 4. d4 exd4 5. Nxd4 Bb4 6. Nxc6 bxc6 7. Bd3 O-O 8. O-O a5 9. Ne2 Ba6 10. f3 Bxd3 11. Qxd3 Re8 12. c3 Bc5+ 13. Be3 Bxe3+ 14. Qxe3 d5 15. Ng3 dxe4 16. Nxe4 Nd5 17. Qd4 Nf4 18. Qxd8 Raxd8 19. Rad1 f5 20. Ng3 g6 21. Rfe1 Rxe1+ 22. Rxe1 Nd3 23. Rd1 Kf7 24. Ne2 Ke7 25. Nd4 Ne5 26.
Re1 Kf6 27. Rxe5 Kxe5 28. Nxc6+ Kd5 29. Nxd8 Kc4 30. Kf2 Kd3 31. Ne6 Kc2 32. b4 a4 33.
Nxc7 Kb2 34. b5 Kxa2 35. b6 Kb2 36. b7 1-0

[Event "Rapid del Mercoledì"]
[Site "Chess.com"]
[Date "2020.05.06"]
[Round "4"]
[White "sergiodone"]
[Black "fausto2p"]
[Result "1-0"]
[WhiteElo "1543"]
[BlackElo "1061"]
[TimeControl "720+3"]
[EndTime "13:27:35 PDT"]
[Termination "sergiodone ha vinto per abbandono"]

1. e4 e6 2. d4 d5 3. Nd2 Nf6 4.
Bd3 c5 5. c3 Nc6 6. Ngf3 Qb6 7.
Kf1 Bd7 8. exd5 Nxd5 9. c4 Ndb4 10. Be4 Nxd4 11. Nxd4 cxd4 12. b3 Bc5 13. Qf3 Bc6 14.
h4 Bxe4 15. Qxe4 d3 16. g3 Bxf2 17. Kg2 O-O 18. Nf3 Rad8 19. Bd2 a5 20. a4 Qc6 21.
Qxc6 bxc6 22. Kxf2 c5 23. Bxb4 cxb4 24. Rad1 Rfe8 25.
Ke3 e5 26. Rxd3 Rxd3+ 27. Kxd3 e4+ 28. Ke3 exf3+ 29. Kxf3 f6 30. Rc1 Kf7 31. c5 Rc8 32. Kf4 Ke6 33. Ke4 g6 34. Kd4 Kf5 35. Re1 Kg4 36.
Re4+ Kxg3 37. Re7 Rd8+ 38. Kc4 f5 39. Rxh7 f4 40. Rg7 Kxh4 41. Rxg6 f3 42. Rf6 Kg3 43. Kb5 f2 44. Kxa5 Kg2 45. Kxb4 f1=Q 46. Rxf1 Kxf1 47.
Kc4 Rc8 48. b4 Ke2 49. b5 Ke3 50. c6 Ke4 51. a5 Ke5 52. Kc5 Ke6 53. b6 Rh8 54. b7 Rh5+ 55. Kb6 Rh8 56. a6 Kd6 57. a7 1-0

[Event "Rapid del Mercoledì"]
[Site "Chess.com"]
[Date "2020.05.06"]
[Round "4"]
[White "laremaro"]
[Black "Mrtre7"]
[Result "1-0"]
[WhiteElo "1608"]
[BlackElo "1425"]
[TimeControl "720+3"]
[EndTime "13:32:52 PDT"]
[Termination "laremaro ha vinto per scaccomatto"]

1. e4 c5 2. d4 cxd4 3. c3 dxc3 4.
Nxc3 Nc6 5. Bc4 d6 6. Nf3 e6 7. O-O Nf6 8. Qe2 Be7 9. Rd1 e5 10. b4 Bg4 11. b5 Bxf3 12. gxf3 Nd4 13. Rxd4 exd4 14. Nd5 O-O 15. Bb2 Nxd5 16. Bxd5 Bf6 17. Bc4 Rc8 18. Bd3 Re8 19. f4 Qb6 20. Kh1 a6 21. bxa6 bxa6 22. Rg1 Rb8 23. Ba1 Rec8 24.
e5 dxe5 25. fxe5 Re8 26. f4 Qc6+ 27. Be4 Qe6 28. Bxd4 Rbd8 29. Bb2 Be7 30. f5 Qb6 31. Rxg7+ Kxg7 32. Qg4+ Kh8 33. f6 Bxf6 34. exf6 Rxe4 35. Qg7# 1-0

[Event "Rapid del Mercoledì"]
[Site "Chess.com"]
[Date "2020.05.06"]
[Round "4"]
[White "pedrak"]
[Black "GB86_CHESS"]
[Result "1-0"]
[WhiteElo "1709"]
[BlackElo "1783"]
[TimeControl "720+3"]
[EndTime "13:35:00 PDT"]
[Termination "pedrak ha vinto per scaccomatto"]

1. d4 e6 2. Nf3 Nf6 3. Bf4 d5 4. e3 Bd6 5. Bg3 Ne4 6. Bd3 Nxg3 7.
hxg3 h6 8. Nbd2 Nd7 9. Qe2 Nf6 10. c3 c5 11. Ne5 c4 12. Bc2 Qc7 13. f4 b5 14. O-O a5 15. Qf3 b4 16. Ba4+ Bd7 17. Nxd7 Nxd7 18. e4 O-O 19. e5 Be7 20. g4 Nb6 21. Bc2 f5 22. gxf5 exf5 23. Qh3 Qd7 24. Rf3 a4 25. Nf1 Kh7 26. Ne3 g6 27. Kf2 a3 28.
Rh1 h5 29. g4 h4 30. gxf5 Rh8 31. fxg6+ Kg7 32. f5 Bg5 33. f6+ Kg8 34. e6 Bxe3+ 35. Rxe3 Qd6 36. e7 Qxf6+ 37. Ke2 axb2 38. e8=Q+ Rxe8 39. Rxe8+ Kg7 40. Rxh8 bxc3 41. Rf1 Qxd4 42. Rh7+ Kg8 43. Qe6# 1-0

[Event "Rapid del Mercoledì"]
[Site "Chess.com"]
[Date "2020.05.06"]
[Round "5"]
[White "MarcoCiva"]
[Black "sirmale49"]
[Result "1-0"]
[WhiteElo "1415"]
[BlackElo "1374"]
[TimeControl "720+3"]
[EndTime "13:48:27 PDT"]
[Termination "MarcoCiva ha vinto per abbandono"]

1. d4 d5 2. c4 e5 3. dxe5 d4 4. Nf3 Nc6 5. a3 Bf5 6. e3 dxe3 7. Qxd8+ Rxd8 8. Bxe3 Bg4 9. Be2 Bxf3 10. Bxf3 Nxe5 11. Bxb7 Rb8 12. Be4 Rxb2 13. Bd4 Rxb1+ 14. Rxb1 Nxc4 15. Bc6+ Ke7 16. Rc1 Nd6 17. O-O Kd8 18. Bxa7 f6 19. Rfd1 Ne7 20. Bf3 Kc8 21. Rxd6 Nf5 22. Rdc6 Bd6 23.
Bb6 Re8 24. Bxc7 Bxc7 25. Rxc7+ Kd8 26. Rc8+ Ke7 27. Rxe8+ Kxe8 28. a4 Nd4 29. a5 Nb5 30.
Bc6+ 1-0

[Event "Rapid del Mercoledì"]
[Site "Chess.com"]
[Date "2020.05.06"]
[Round "5"]
[White "Mrtre7"]
[Black "sergiodone"]
[Result "1-0"]
[WhiteElo "1458"]
[BlackElo "1532"]
[TimeControl "720+3"]
[EndTime "13:50:17 PDT"]
[Termination "Mrtre7 ha vinto per abbandono"]

1. d4 Nf6 2. c4 c5 3. d5 b5 4. cxb5 a6 5. Nc3 Qb6 6. e4 d6 7. Nf3 Nbd7 8. Be3 g6 9. Bd3 Bg7 10. O-O O-O 11. Nd2 axb5 12. Bxb5 Ba6 13. Nc4 Qb7 14. Bxa6 Rxa6 15. a4 Raa8 16. a5 h5 17.
Qa4 Ng4 18. Bd2 Nge5 19. a6 Qb4 20. Qxb4 cxb4 21. Nxe5 bxc3 22. Nxd7 cxb2 23. Rab1 Rfd8 24. Nb6 Rxa6 25. Nc4 Ra2 26. f4 Rc8 27. Ne3 Ra1 28. e5 Rxb1 29. Rxb1 dxe5 30. fxe5 Bxe5 31. Nd1 Bd4+ 32.
Kf1 Rc1 33. Bxc1 bxc1=Q 34. Rxc1 Be5 35. g3 Bd6 36. Ne3 Kg7 37. Ke2 g5 38. Kf3 Kg6 39. Ke4 f5+ 40. Nxf5 Kf6 41. Nxd6 exd6 42. Rc6 Ke7 43. Kf5 h4 44. gxh4 gxh4 45. Rc7+ Kd8 46. Ra7 1-0